 Dungeon Crawl Stone Soup version 0.22.0-49-gab54619 (webtiles) character file.

242 vatarom the Gusty (level 6, -10/30 HPs)
             Began as a Tengu Air Elementalist on Sept 6, 2018.
             Mangled by an ogre
             ... wielding a +0 giant spiked club
              (29 damage)
             ... on level 4 of the Dungeon.
             The game lasted 00:13:00 (3602 turns).

vatarom the Gusty (Tengu Air Elementalist)          Turns: 3602, Time: 00:13:01

Health: -10/30     AC:  2    Str:  9    XL:     6   Next: 9%
Magic:  6/13       EV: 15    Int: 17    God:
Gold:   132        SH:  0    Dex: 18    Spells: 3/13 levels left

rFire    . . .     SeeInvis .   n - +0 falchion
rCold    . . .     Gourm    .   (no shield)
rNeg     . . .     Faith    .   a - +0 robe
rPois    .         Spirit   .   (helmet restricted)
rElec    .         Reflect  .   (no cloak)
rCorr    .         Harm     .   (no gloves)
MR       .....     Clarity  +   (boots unavailable)
Stlth    ++........             (no amulet)
HPRegen  0.10/turn              (no ring)
MPRegen  0.13/turn              (no ring)

@: lethally poisoned (-10 -> -13), flying quickly and evasively, very slightly
contaminated, quick
A: beak, talons 3, agile 2, clarity, frail 1, screaming 1, able to fly 1
a: no special abilities


You were on level 4 of the Dungeon.
You were not hungry.

You visited 1 branch of the dungeon, and saw 4 of its levels.

You collected 132 gold pieces.

Inventory:

Hand Weapons
 g - a +0 whip
 n - a +0 falchion (weapon)
Missiles
 p - 2 curare-tipped needles
Armour
 a - a +0 robe (worn)
Scrolls
 b - 2 scrolls of fog {unknown}
 e - a scroll of immolation {unknown}
 j - a scroll of remove curse {@r2}
 k - a scroll of enchant weapon {unknown}
 m - 2 scrolls of random uselessness {unknown}
 o - 3 scrolls of teleportation {unknown}
 q - 2 scrolls of amnesia {unknown}
 r - 3 scrolls of identify {unknown}
Potions
 d - a potion of cancellation
 h - a potion of agility {@q5}
 i - 2 potions of curing {@q1}
 l - 2 potions of might {unknown}
Comestibles
 c - 11 rations {@e1}


   Skills:
 + Level 1.1 Fighting
 - Level 2.1 Dodging
 - Level 2.0 Stealth
 * Level 4.0 Spellcasting
 * Level 4.2 Conjurations
 + Level 5.4 Air Magic


You had 3 spell levels left.
You knew the following spells:

 Your Spells              Type           Power        Failure   Level  Hunger
a - Shock                 Conj/Air       ###.         2%          1    None
b - Swiftness             Chrm/Air       ##......     8%          2    ##.....
c - Static Discharge      Conj/Air       ###.....     7%          3    ###....
d - Airstrike             Air            ###.......   17%         4    ####...

Your spell library contained the following spells:

 Spells                   Type           Power        Failure   Level  Hunger
 Magic Dart               Conj           ###.         2%          1    None
 Mephitic Cloud           Conj/Pois/Air  ##......     13%         3    ###....
 Conjure Flame            Conj/Fire      ##......     21%         3    ###....
 Blink                    Tloc           N/A          24%         2    ##.....
 Call Imp                 Summ           #.......     24%         2    ##.....
 Slow                     Hex            #.......     24%         2    ##.....
 Lightning Bolt           Conj/Air       ###.......   52%         5    ######.


Dungeon Overview and Level Annotations

Branches:
Dungeon (4/15)
 Temple: D:4-7

Altars:
Gozag
Nemelex Xobeh
Yredelemnul
Zin

Annotations:
D:4 2 runed doors


Innate Abilities, Weirdness & Mutations

You have a beak for a mouth.
You have claws for feet.
You can fly.
You are very agile. (Dex +4)
You possess an exceptional clarity of mind.
You are frail. (-10% HP)
You occasionally shout uncontrollably at your foes.


Message History

The adder poisons you!
Casting: Shock (safe; 2% risk of failure)
Confirm with . or Enter, or press ? or * to list all spells.
The adder is struck by lightning.
The adder is almost dead.
The lightning grounds out.
You feel sick. The adder barely misses you.
You riposte.
You hit the adder.
You kill the adder!
Your Spellcasting skill increases to level 4!
You start resting.
You feel sick. x5
The ogre is too close now for your liking.
An ogre is nearby!
You swoop lightly up into the air.
You feel very comfortable in the air.
You feel somewhat more hungry.
You feel sick.
You feel sick.
There is a stone staircase leading up, spattered with blood here.
The ogre hits you with a giant spiked club!!
Ouch! That really hurt!
You die...

.........##......#
..................
..........#.......
..................
#.###.)........... #
#.##.(..........#
#.#####.##............#
#.......##....O<>.....#
#.......##....@.........
#....<..##.......>...###
#....O......)........#
#.......###......!...#.
#....$...#....<......#..
#........#...........+..
#######..............+
..#...........+ .....


You could see an ogre.

Vanquished Creatures
  A scorpion (D:3)
  An orc wizard (D:3)
  A worker ant (D:3)
  6 adders
  A worm (D:2)
  4 dart slugs
  A leopard gecko (D:1)
  3 orcs (D:3)
  3 ball pythons
  6 bats
  3 giant cockroaches
  7 goblins
  10 hobgoblins
  6 jackals
  4 kobolds (D:2)
  A quokka (D:2)
  6 frilled lizards
  7 rats
71 creatures vanquished.

Notes
Turn   | Place    | Note
-------+----------+-------------------------------------------
     0 | D:1      | vatarom the Tengu Air Elementalist began the quest for the
                  | Orb.
     0 | D:1      | Reached XP level 1. HP: 10/10 MP: 4/4
   224 | D:1      | Reached XP level 2. HP: 15/15 MP: 4/6
   581 | D:1      | Learned a level 2 spell: Swiftness
   903 | D:1      | Reached XP level 3. HP: 19/19 MP: 3/7
  1279 | D:2      | Found a glowing silver altar of Zin.
  1358 | D:2      | Learned a level 3 spell: Static Discharge
  1497 | D:2      | Found a sparkling altar of Nemelex Xobeh.
  1498 | D:2      | Found an opulent altar of Gozag.
  1866 | D:2      | Reached XP level 4. HP: 19/24 MP: 4/9
  2689 | D:3      | Reached skill level 5 in Air Magic
  2944 | D:3      | Gained mutation: You can fly. [Tengu growth]
  2944 | D:3      | Reached XP level 5. HP: 27/28 MP: 8/11
  3120 | D:3      | Found a basalt altar of Yredelemnul.
  3286 | D:4      | Found a runed gate.
  3286 | D:4      | Found a runed gate.
  3305 | D:4      | Noticed an ogre
  3339 | D:3      | Gained mutation: You are robust. (+10% HP) [potion of
                  | mutation]
  3339 | D:3      | Gained mutation: You occasionally shout uncontrollably at
                  | your foes. [potion of mutation]
  3339 | D:3      | Gained mutation: You do not regenerate when monsters are
                  | visible. [potion of mutation]
  3339 | D:3      | Gained mutation: You are agile. (Dex +2) [potion of
                  | mutation]
  3345 | D:3      | Reached skill level 1 in Fighting
  3345 | D:3      | Reached XP level 6. HP: 19/37 MP: 1/12
  3351 | D:3      | Learned a level 4 spell: Airstrike
  3563 | D:3      | Lost mutation: You occasionally shout uncontrollably at
                  | your foes. [potion of mutation]
  3563 | D:3      | Lost mutation: You are robust. (+10% HP) [potion of
                  | mutation]
  3563 | D:3      | Lost mutation: You do not regenerate when monsters are
                  | visible. [potion of mutation]
  3563 | D:3      | Gained mutation: You are frail. (-10% HP) [potion of
                  | mutation]
  3563 | D:3      | Gained mutation: You possess an exceptional clarity of
                  | mind. [potion of mutation]
  3563 | D:3      | Gained mutation: You occasionally shout uncontrollably at
                  | your foes. [potion of mutation]
  3563 | D:3      | Gained mutation: You are very agile. (Dex +4) [potion of
                  | mutation]
  3602 | D:4      | Found a runed gate.
  3602 | D:4      | Mangled by an ogre

Skill      XL: |  1  2  3  4  5  6 |
---------------+-------------------+-----
Conjurations   | 2 3 4 |  4.2
Spellcasting   | 3 4 |  4.0
Air Magic      | 5 |  5.4
Fighting       | 1 |  1.1
Dodging        | |  2.1
Stealth        | |  2.0

Action                   |  1- 3 |  4- 6 || total
-------------------------+-------+-------++-------
Melee: Peck              |     2 |     7 ||     9
       Unarmed           |     2 |       ||     2
       Dagger            |     8 |       ||     8
       Whip              |     4 |       ||     4
       Kick              |     1 |     2 ||     3
       Falchion          |       |    20 ||    20
 Cast: Shock             |    64 |    56 ||   120
       Static Discharge  |     2 |     4 ||     6
 Abil: Fly               |       |     1 ||     1
  Use: Potion            |     2 |     6 ||     8
       Scroll            |     2 |       ||     2
 Stab: Sleeping          |     1 |       ||     1
       Distracted        |       |     1 ||     1
  Eat: Chunk             |     4 |     5 ||     9
Armor: Robe              |     7 |     7 ||    14
Dodge: Dodged            |    31 |    36 ||    67
       Rpst.: Falchion   |       |     8 ||     8
